 Dungeon Crawl Stone Soup version 0.29-a0-359-g541a27f54d (webtiles) character file.

Game seed: 6482438769748637557

7713 Colgate the Covert (level 11, -9/61 HPs)
             Began as a Kobold Brigand on Apr 27, 2022.
             Was a Follower of Vehumet.
             Mangled by a death yak (21 damage)
             ... on level 9 of the Dungeon.
             The game lasted 00:55:47 (12964 turns).

Colgate the Covert (Kobold Brigand)                Turns: 12964, Time: 00:55:48

Health: -9/61      AC: 14    Str:  8    XL:     11   Next: 42%
Magic:  17/17      EV: 18    Int: 18    God:    Vehumet [*.....]
Gold:   166        SH:  0    Dex: 16    Spells: 15/18 levels left

rFire   . . .      SeeInvis .   a - +2 dagger (venom)
rCold   . . .      Faith    .   (no shield)
rNeg    . . .      Spirit   .   O - +0 steam dragon scales
rPois   +          Reflect  .   f - +2 helmet
rElec   .          Harm     .   c - +0 cloak
rCorr   .          Rampage  .   B - +2 pair of gloves
Will    +....                   y - +1 pair of boots
Stlth   ++++++....              K - amulet of the acrobat
HPRegen 0.20/turn               J - ring of willpower
MPRegen 0.15/turn               j - +4 ring of evasion

@: no status effects
A: small, no large weapons, nightstalker 3, talons 1, passive freeze, poison
resistance, MP-powered wands
a: Renounce Religion


You were on level 9 of the Dungeon.
You worshipped Vehumet.
Vehumet was aware of your devotion.
You visited 2 branches of the dungeon, and saw 10 of its levels.

You collected 441 gold pieces.
You spent 275 gold pieces at shops.

Inventory:

Hand Weapons
 a - a +2 dagger of venom (weapon)
 b - a +3 scimitar of flaming
Missiles
 d - 20 poisoned darts
 e - 3 curare-tipped darts
 M - 2 datura-tipped darts
Armour
 c - a +0 cloak (worn)
 f - a +2 helmet (worn)
 p - +0 acid dragon scales
 y - a +1 pair of boots (worn)
 B - a +2 pair of gloves (worn)
 O - +0 steam dragon scales (worn)
Magical Staves
 H - a staff of earth
Jewellery
 j - a +4 ring of evasion (right hand)
 q - a ring of fire
 w - an amulet of faith
 C - a ring of fire
 I - a ring of protection from cold
 J - a ring of willpower (left hand)
 K - an amulet of the acrobat (around neck)
Wands
 x - a wand of flame (28)
Scrolls
 i - a scroll of blinking {@r4}
 l - 4 scrolls of vulnerability
 n - 3 scrolls of noise {unknown}
 o - 5 scrolls of teleportation {@r3}
 t - a scroll of fear
 v - a scroll of brand weapon {unknown}
 A - a scroll of fog {unknown}
 D - a scroll of amnesia {unknown}
 E - a scroll of summoning {unknown}
 F - a scroll of silence {unknown}
 N - a scroll of magic mapping {unknown}
 Q - a scroll of immolation {unknown}
Potions
 g - 5 potions of haste {@q4}
 h - 3 potions of ambrosia
 k - 5 potions of heal wounds {@q2}
 m - a potion of brilliance {unknown}
 r - a potion of mutation
 s - a potion of resistance {unknown}
 u - 5 potions of curing {@q1}
 z - 2 potions of invisibility
 G - 2 potions of might {unknown}
 L - 2 potions of lignification
 P - a potion of magic {unknown}


   Skills:
 - Level 4.1 Fighting
 - Level 8.1 Short Blades
 - Level 2.1 Throwing
 - Level 2.0 Dodging
 - Level 11.9 Stealth
 - Level 4.0 Spellcasting
 - Level 3.0 Conjurations
 - Level 8.1 Hexes
 - Level 9.0 Ice Magic
 + Level 2.4 Air Magic


You had 15 spell levels left.
You knew the following spells:

 Your Spells              Type           Power      Damage    Failure   Level
a - Ensorcelled Hibernat  Hex/Ice        68%        N/A       1%          2
b - Magic Dart            Conj           56%        1d5       4%          1

Your spell library contained the following spells:

 Spells                   Type           Power      Damage    Failure   Level
 Portal Projectile        Hex/Tloc       36%        N/A       9%          3
 Mephitic Cloud           Conj/Pois/Air  10%        N/A       22%         3
 Anguish                  Hex/Necr       9%         N/A       28%         4
 Leda's Liquefaction      Hex/Erth       9%         N/A       28%         4
 Call Canine Familiar     Summ           3%         N/A       41%         3
 Ignite Poison            Fire/Tmut/Pois 3%         N/A       41%         3
 Spider Form              Tmut/Pois      3%         N/A       41%         3
 Freezing Cloud           Conj/Ice/Air   10%        6-21      50%         5


Dungeon Overview and Level Annotations

Branches:
Dungeon (9/15)             Temple (1/1) D:6            Lair (0/6) D:9
    Orc: D:9-12

Altars:
Ashenzari
Cheibriados
Dithmenos
Elyvilon
Fedhas
Gozag
Hepliaklqana
Kikubaaqudgha
Makhleb
Nemelex Xobeh
Okawaru
Qazlal
Ru
Sif Muna
Trog
Uskayaw
Vehumet
Wu Jian
Xom
Yredelemnul
Zin
The Shining One
Ignis

Shops:
D:2 ?   D:4 =


Innate Abilities, Weirdness & Mutations

You are small and have problems with some larger weapons.
You are completely attuned to the shadows.
You have sharp toenails.
A frigid envelope surrounds you and freezes all who hurt you.
Your system is resistant to poisons. (rPois)
You expend magic power (3 MP) to strengthen your wands.


Message History

A death yak comes into view.
The death yak attacks as you move away!
The death yak gores you but does no damage.
The death yak is very cold.
The death yak attacks as you move away! The death yak completely misses you.
You hit the death yak but do no damage.
The death yak is poisoned.
The death yak gores you!!
You hit the death yak but do no damage.
The death yak looks as sick as possible!
The death yak closely misses you.
The death yak bellows!
You hit the death yak. The death yak attacks as you move away!
The death yak gores you but does no damage.
The death yak is very cold.
You hit the death yak.
The death yak looks as sick as possible!
The death yak gores you but does no damage.
The death yak is very cold.
The death yak attacks as you move away! The death yak completely misses you.
You hit the death yak but do no damage.
The death yak looks as sick as possible!
The death yak snorts and paws the ground.
The death yak attacks as you move away! The death yak gores you!!
The death yak attacks as you move away! The death yak gores you!
* * * LOW HITPOINT WARNING * * *
The death yak is very cold.
You hit the death yak but do no damage.
The death yak gores you but does no damage.
The death yak is very cold.
You hit the death yak but do no damage.
The death yak looks as sick as possible!
The death yak misses you.
Okay, then.
As you read the scroll of fear, it crumbles to dust.
You assume a fearsome visage.
The death yak easily resists.
The death yak looks frightened!
A death yak comes into view.
The death yak gores you!!
You die...

.....###### #.÷....##.######
..........###### #.#....#.......#
..........##...# #.#....#######.#
...#...........###.#....#.. #...#
...#......##.......÷....#..##.###
...#####................#..##.#.#
...# ###..............#...#.#.#
...# #..........Y#........#.#
+#.##### #......@Y..........#....
†......# #..........#######.#..Y.
<......# ###......Y.# #.#....
.......#####........# ..#....
..........###+###.... .#....
..........# #.# #.... ..........#
#.# ##... ##'#......# #.# ....
#.######## #.#


You could see 3 death yaks.

Vanquished Creatures
  Erica (D:8)
  2 two-headed ogres (D:8)
  Amaemon (D:8)
  Pikel (D:9)
  An orange demon (D:8)
  Maggie (D:8)
  Prince Ribbit (D:7)
  4 yaks (D:9)
  A wyvern (D:8)
  3 steam dragons
  2 water moccasins
  5 sky beasts
  An orc warrior (D:6)
  A black bear (D:7)
  3 ice beasts
  A centaur (D:5)
  A phantom (D:7)
  A kobold brigand (D:4)
  A necrophage (D:7)
  2 bullfrogs (D:8)
  3 scorpions
  9 wights
  4 killer bees (D:8)
  5 hounds
  3 orc priests
  A gnoll shaman (D:5)
  3 iguanas
  2 orc wizards
  14 gnolls
  11 adders
  An ufetubus (D:4)
  5 worms
  A dart slug (D:1)
  29 orcs
  8 ball pythons
  5 endoplasms
  3 giant cockroaches
  6 goblins
  6 hobgoblins
  10 jackals
  7 kobolds
  3 quokkas
  8 bats
  5 frilled lizards
  9 rats
  A butterfly (D:6)
196 creatures vanquished.

Vanquished Creatures (others)
  6 plants (D:3)
6 creatures vanquished.

Grand Total: 202 creatures vanquished

Notes
Turn   | Place    | Note
-------+----------+-------------------------------------------
     0 | D:1      | Colgate the Kobold Brigand began the quest for the Orb.
     0 | D:1      | Reached XP level 1. HP: 12/12 MP: 1/1
    62 | D:1      | Reached XP level 2. HP: 17/17 MP: 2/2
   478 | D:1      | Reached XP level 3. HP: 21/21 MP: 3/3
  1107 | D:2      | Reached skill level 5 in Short Blades
  1317 | D:2      | Reached XP level 4. HP: 12/26 MP: 4/4
  1568 | D:2      | Found Ril Tim's Magic Scroll Boutique.
  1573 | D:2      | Bought a scroll of fear for 35 gold pieces
  2053 | D:2      | Bought a scroll of teleportation for 30 gold pieces
  2187 | D:2      | Reached skill level 1 in Hexes
  2212 | D:2      | Reached XP level 5. HP: 27/30 MP: 5/5
  2218 | D:2      | Reached skill level 1 in Ice Magic
  2221 | D:2      | Learned a level 2 spell: Ensorcelled Hibernation
  2717 | D:3      | Reached skill level 1 in Spellcasting
  2746 | D:3      | Reached XP level 6. HP: 35/35 MP: 0/7
  4156 | D:4      | Found Wadi's Jewellery Emporium.
  4292 | D:4      | Reached XP level 7. HP: 40/40 MP: 1/9
  4811 | D:5      | Entered Level 5 of the Dungeon
  5202 | D:5      | Reached skill level 5 in Ice Magic
  5827 | D:5      | Reached XP level 8. HP: 41/44 MP: 8/11
  5950 | D:5      | Found a radiant altar of Vehumet.
  5955 | D:5      | Became a worshipper of Vehumet
  6208 | D:2      | Bought a scroll of enchant armour for 75 gold pieces
  6208 | D:2      | Bought a scroll of identify for 20 gold pieces
  6897 | D:6      | Reached skill level 5 in Hexes
  7127 | D:6      | Found a staircase to the Ecumenical Temple.
  7139 | Temple   | Entered the Ecumenical Temple
  8188 | D:6      | Gained mutation: Potions are less effective at restoring
                  | your health. [potion of mutation]
  8188 | D:6      | Gained mutation: You have a pair of small antennae on your
                  | head. [potion of mutation]
  8188 | D:6      | Gained mutation: You are strong-willed. (Will+) [potion of
                  | mutation]
  8189 | D:6      | Lost mutation: Potions are less effective at restoring your
                  | health. [potion of mutation]
  8189 | D:6      | Lost mutation: You are strong-willed. (Will+) [potion of
                  | mutation]
  8189 | D:6      | Lost mutation: You have a pair of small antennae on your
                  | head. [potion of mutation]
  8189 | D:6      | Gained mutation: You do not regenerate when monsters are
                  | visible. [potion of mutation]
  8189 | D:6      | Gained mutation: You expend magic power (3 MP) to
                  | strengthen your wands. [potion of mutation]
  8189 | D:6      | Gained mutation: You are partially covered in iridescent
                  | scales. (AC +2) [potion of mutation]
  8189 | D:6      | Gained mutation: Your system is resistant to poisons.
                  | (rPois) [potion of mutation]
  8190 | D:6      | Lost mutation: You are partially covered in iridescent
                  | scales. (AC +2) [potion of mutation]
  8190 | D:6      | Lost mutation: You do not regenerate when monsters are
                  | visible. [potion of mutation]
  8190 | D:6      | Gained mutation: A frigid envelope surrounds you and
                  | freezes all who hurt you. [potion of mutation]
  8190 | D:6      | Gained mutation: You have sharp toenails. [potion of
                  | mutation]
  8311 | D:2      | Bought a scroll of identify for 20 gold pieces
  8311 | D:2      | Bought a scroll of enchant weapon for 75 gold pieces
  8311 | D:2      | Bought a scroll of identify for 20 gold pieces
  8507 | D:6      | Reached XP level 9. HP: 28/48 MP: 13/13
  8748 | D:7      | Noticed Prince Ribbit
  8753 | D:7      | Killed Prince Ribbit
  9726 | D:8      | Found a blossoming altar of Fedhas.
  9775 | D:8      | Noticed Maggie
  9784 | D:8      | Killed Maggie
  9789 | D:8      | Reached XP level 10. HP: 53/56 MP: 11/16
  9842 | D:8      | Found an iron altar of Okawaru.
  9845 | D:8      | Found an ancient bone altar of Kikubaaqudgha.
  9848 | D:8      | Found an ornate altar of the Wu Jian Council.
  9920 | D:8      | Noticed a two-headed ogre
  9932 | D:8      | Killed a two-headed ogre
  9933 | D:8      | Reached skill level 8 in Stealth
 10347 | D:8      | Noticed Erica
 10352 | D:8      | Killed Erica
 10381 | D:8      | Noticed a two-headed ogre
 10385 | D:8      | Killed a two-headed ogre
 10386 | D:8      | Reached skill level 10 in Stealth
 10537 | D:8      | Reached * piety under Vehumet
 10537 | D:8      | Offered knowledge of Magic Dart by Vehumet.
 10543 | D:8      | Learned a level 1 spell: Magic Dart
 10792 | D:8      | Noticed an orange demon
 10793 | D:8      | Noticed Amaemon
 10801 | D:8      | Killed Amaemon
 10802 | D:8      | Reached skill level 11 in Stealth
 10802 | D:8      | Reached XP level 11. HP: 26/61 MP: 13/17
 11566 | D:8      | Found a broken altar of Ashenzari.
 11570 | D:8      | Found a sacrificial altar of Ru.
 11581 | D:8      | Found a glowing golden altar of the Shining One.
 11590 | D:8      | Found a burning altar of Makhleb.
 11604 | D:8      | Found a basalt altar of Yredelemnul.
 12509 | D:9      | Noticed Pikel
 12513 | D:9      | Killed Pikel
 12550 | D:9      | Reached skill level 1 in Air Magic
 12936 | D:9      | Noticed a death yak
 12939 | D:9      | Found a staircase to the Lair.
 12939 | D:9      | Noticed a death yak
 12964 | D:9      | Noticed a death yak
 12964 | D:9      | Mangled by a death yak

Illustrated notes

Levels and vault maps discovered:
D:1:      dpeg_arrival_ternary, layout_loops_ring
D:2:      layout_loops_ring, serial_shops, nicolae_shop_statue_plus,
          minmay_misc_feat_iff, minmay_divided_ellipse
D:3:      cheibrodos_old_hovel, layout_loops_ring
D:4:      layout_loops_ring, portal_sewer_entry_a, serial_shops,
          nicolae_shop_stone
D:5:      layout_cave_pools, nicolae_vehumet_altar_sigil, serial_column_ruins,
          column_ruins_circle_medium, column_ruins_hut, column_ruins_open_large,
          column_ruins_columns_straight, column_ruins_open_tiny,
          column_ruins_grid_3, column_ruins_open_tiny, dk_noncrumbling_2
D:6:      nicolae_cairo_tiling_large, layout_cave_pods,
          minmay_temple_entry_butterflies, dk_vineyard_2
D:7:      layout_cave_pools, uniq_prince_ribbit1
D:8:      layout_cave_pods, minmay_overflow_temple_star_hex,
          grunt_temple_overflow_open, uniq_erica, uniq_amaemon, uniq_maggie
D:9:      layout_basic, dpeg_lair_monsters, uniq_pikel
Temple:   ebering_untended_altars

Skill      XL: |  1  2  3  4  5  6  7  8  9 10 11 |
---------------+----------------------------------+-----
Short Blades   | 3 4 5 6 8 |  8.1
Hexes          | 1 2 3 6 7 8 |  8.1
Ice Magic      | 2 3 5 6 8 9 |  9.0
Spellcasting   | 1 2 3 4 |  4.0
Fighting       | 4 |  4.1
Dodging        | 2 |  2.0
Stealth        | 11 | 11.9
Conjurations   | 3 |  3.0
Air Magic      | 2 |  2.4
Throwing       | |  2.1

Action                   |  1- 3 |  4- 6 |  7- 9 | 10-12 || total
-------------------------+-------+-------+-------+-------++-------
Melee: Dagger            |    79 |   144 |   226 |    97 ||   546
       Punch             |       |     1 |     2 |     2 ||     5
 Cast: Ensorcelled Hiber |       |    22 |    52 |    23 ||    97
       Magic Dart        |       |       |       |     2 ||     2
  Use: Scroll            |     1 |       |    13 |     3 ||    17
       Potion            |       |       |     3 |     2 ||     5
 Stab: Sleeping          |    17 |    30 |    40 |    25 ||   112
       Distracted        |       |     1 |     1 |       ||     2
Armor: Robe              |    17 |    23 |    63 |     3 ||   106
       Steam dragon scal |       |       |       |    14 ||    14
Dodge: Dodged            |    36 |    69 |   151 |    59 ||   315

Table legend: (Time is in decaauts)
 A = Elapsed time spent in this place.
 B = Non-inter-level travel time spent in this place.
 C = Inter-level travel time spent in this place.
 D = Time resting spent in this place.
 E = Time spent auto-exploring this place.
 F = Levels seen in this place.
 G = Mean time per level.
                   A        B        C        D        E       F      G
               +--------+--------+--------+--------+--------+-----+--------+
         Total |  12825 |  11686 |   1139 |    579 |   9177 |  10 | 1282.5 |
       Dungeon |  12611 |  11472 |   1139 |    503 |   9095 |   9 | 1401.2 |
        Temple |    214 |    214 |      0 |     76 |     82 |   1 |  214.0 |
               +--------+--------+--------+--------+--------+-----+--------+

Top non-repeatable levels by time:
     D:6: 2360 daAuts
     D:8: 1765 daAuts
     D:7: 1655 daAuts
     D:2: 1456 daAuts
     D:4: 1434 daAuts
     D:3: 1278 daAuts
     D:5: 1245 daAuts
     D:1: 971 daAuts
     D:9: 443 daAuts
  Temple: 214 daAuts
